 Dungeon Crawl Stone Soup version 0.27-a0-404-g4390dbc5be (webtiles) character file.

Game seed: 26982228897002830

163411 CryoSword the Nimble (level 17, -1/134 HPs)
             Began as a Gnoll Wanderer on Feb 22, 2021.
             Was the Champion of Ashenzari.
             Killed from afar by a will-o-the-wisp (15 damage)
             ... with a foxfire
             ... on level 1 of the Swamp.
             The game lasted 02:01:53 (35546 turns).

CryoSword the Nimble (Gnoll Wanderer)              Turns: 35546, Time: 02:01:54

Health: -1/134     AC: 22    Str: 20    XL:     17   Next: 53%
Magic:  32/32      EV: 26    Int: 20    God:    Ashenzari [******]
Gold:   1996       SH:  0    Dex: 18    Spells: 12/39 levels left

rFire    + . .     SeeInvis +   a - +9 lajatang (speed) (curse)
rCold    . . .     Faith    .   (shield currently unavailable)
rNeg     . . .     Spirit   .   U - +0 troll leather armour of Vexation {rPois rF+ Regen+ Str+6 Int+4} (curse)
rPois    +         Reflect  .   j - +2 hat {Stlth+} (curse)
rElec    .         Harm     .   D - +2 cloak (curse)
rCorr    .         Rampage  .   V - +2 pair of gloves {archery} (curse)
Will     +....     Clarity  +   c - +2 pair of boots {Stlth+} (curse)
Stlth    +++++++...             y - amulet of regeneration (curse)
HPRegen  2.32/turn              O - +6 ring of dexterity (curse)
MPRegen  0.23/turn              i - +4 ring of protection (curse) {=R}

@: lethally poisoned (-1 -> -1), very slightly contaminated, invisible
A: distributed training, fangs 1, strong nose
}: 1/15 runes: gossamer
a: Renounce Religion, Curse Item, Scrying


You were on level 1 of the Swamp.
You worshipped Ashenzari.
Ashenzari was exalted by your worship.
You visited 6 branches of the dungeon, and saw 29 of its levels.
You also visited: Volcano.

You collected 3324 gold pieces.
You spent 1328 gold pieces at shops.

Inventory:

Hand Weapons
 a - a cursed +9 lajatang of speed (weapon)
   (You acquired it on level 7 of the Dungeon)
Missiles
 b - 6 atropa-tipped darts
 e - 70 boomerangs (quivered)
 o - 13 curare-tipped darts
 P - 3 throwing nets
Armour
 c - a cursed +2 pair of boots of stealth (worn)
   (You found it on level 6 of the Lair of Beasts)
 j - a cursed +2 hat of stealth (worn)
   (You took it off Gastronok on level 3 of the Lair of Beasts)
 D - a cursed +2 cloak (worn)
   (You found it on level 8 of the Dungeon)
 U - the cursed +0 troll leather armour of Vexation (worn) {rPois rF+ Regen+ Str+6 Int+4}
   (You bought it in a shop on level 6 of the Dungeon)

   It affects your strength (+6).
   It affects your intelligence (+4).
   It protects you from fire.
   It protects you from poison.
   It increases your rate of regeneration.
   It has a curse placed upon it.
 V - a cursed +2 pair of gloves of archery (worn)
   (You bought it in a shop on level 6 of the Dungeon)
Jewellery
 i - a cursed +4 ring of protection (right hand) {=R}
   (You took it off an orc wizard on level 5 of the Dungeon)
 y - a cursed amulet of regeneration (around neck)
   (You found it on level 8 of the Dungeon)
 O - a cursed +6 ring of dexterity (left hand)
   (You found it on level 12 of the Dungeon)
 Q - a ring of flight
   (You found it on level 12 of the Dungeon)
 W - a ring of protection from fire
   (You found it on level 4 of the Lair of Beasts)
 Y - a ring of willpower
   (You found it on level 4 of the Spider Nest)
Wands
 u - a wand of digging (3)
   (You found it on level 11 of the Dungeon)
 F - a wand of acid (11)
   (You found it on level 9 of the Dungeon)
 I - a wand of paralysis (52)
   (You found it on level 7 of the Dungeon)
 J - a wand of charming (23)
   (You found it on level 7 of the Dungeon)
 K - a wand of mindburst (13)
   (You found it on level 4 of the Dungeon)
 M - a wand of flame (96)
   (You found it on level 11 of the Dungeon)
 N - a wand of iceblast (10)
   (You found it on level 11 of the Dungeon)
Scrolls
 g - 7 scrolls of identify {@r1}
 h - 2 scrolls of enchant armour
 k - 6 scrolls of amnesia
 q - 16 scrolls of teleportation {@r4}
 r - 2 scrolls of blinking
 s - 6 scrolls of fog
 t - a scroll of enchant weapon
 w - 4 scrolls of magic mapping
 B - 3 scrolls of fear
 H - a scroll of silence
 S - a scroll of brand weapon
 T - a scroll of summoning
Potions
 d - 7 potions of lignification {!q}
 l - a potion of cancellation
 m - 2 potions of invisibility
 n - 3 potions of brilliance
 p - 6 potions of attraction {!q}
 v - 7 potions of flight
 z - 4 potions of resistance
 A - 3 potions of berserk rage
 C - 2 potions of ambrosia
 E - 2 potions of magic
 G - 7 potions of curing {@q1}
 L - 4 potions of haste {@q3}
 R - 4 potions of might
 X - 3 potions of mutation {!q}
Miscellaneous
 f - a phantom mirror
   (You found it on level 2 of the Lair of Beasts)
 x - a condenser vane
   (You found it on level 4 of the Spider Nest)


   Skills:
 + Level 12.3 Fighting
 + Level 11.5 Short Blades
 + Level 11.5 Long Blades
 + Level 11.5 Axes
 + Level 11.5 Maces & Flails
 + Level 11.5 Polearms
 + Level 11.5(17.0) Staves
 + Level 11.5 Slings
 + Level 11.5 Bows
 + Level 11.5 Crossbows
 + Level 11.5 Throwing
 + Level 11.5 Armour
 + Level 13.0(17.1) Dodging
 + Level 12.8(16.9) Stealth
 + Level 12.3 Shields
 + Level 11.5 Unarmed Combat
 + Level 11.5 Spellcasting
 + Level 9.9(14.2) Conjurations
 + Level 9.9(14.2) Hexes
 + Level 9.9(14.2) Summonings
 + Level 9.9(14.2) Necromancy
 + Level 9.9(14.2) Translocations
 + Level 9.9(14.2) Transmutations
 + Level 9.9(14.2) Fire Magic
 + Level 9.9(14.2) Ice Magic
 + Level 9.9(14.2) Air Magic
 + Level 9.9(14.2) Earth Magic
 + Level 9.9(14.2) Poison Magic
 + Level 12.5 Invocations
 + Level 11.5(15.7) Evocations


You had 12 spell levels left.
You knew the following spells:

 Your Spells              Type           Power        Failure   Level
a - Confusing Touch       Hex            62%          1%          3
c - Death Channel         Necr           31%          3%          6
d - Metabolic Englaciati  Hex/Ice        31%          1%          5
r - Call Imp              Summ           62%          1%          2
t - Animate Skeleton      Necr           100%         1%          1
x - Apportation           Tloc           100%         1%          1
y - Animate Dead          Necr           31%          1%          4
z - Summon Mana Viper     Hex/Summ       62%          1%          5

Your spell library contained the following spells:

 Spells                   Type           Power        Failure   Level
 Corona                   Hex            68%          1%          1
 Sandblast                Erth           100%         1%          1
 Sting                    Tmut/Pois      100%         1%          1
 Summon Small Mammal      Summ           100%         1%          1
 Corpse Rot               Necr/Air       N/A          1%          2
 Passwall                 Tmut/Erth      51%          1%          2
 Poisonous Vapours        Pois/Air       100%         1%          2
 Gell's Gravitas          Tloc           31%          1%          3
 Ignite Poison            Fire/Tmut/Pois 62%          1%          3
 Mephitic Cloud           Conj/Pois/Air  62%          1%          3
 Stone Arrow              Conj/Erth      100%         1%          3
 Olgreb's Toxic Radiance  Pois           62%          1%          4
 Petrify                  Tmut/Erth      62%          1%          4
 Summon Lightning Spire   Summ/Air       62%          1%          4
 Lee's Rapid Deconstruct  Erth           31%          1%          5
 Summon Forest            Summ/Tloc      31%          1%          5
 Yara's Violent Unravell  Hex/Tmut       31%          1%          5
 Eringya's Noxious Bog    Tmut/Pois      31%          3%          6
 Shadow Creatures         Summ           N/A          3%          6
 Simulacrum               Ice/Necr       31%          3%          6
 Spellforged Servitor     Conj/Summ      31%          16%         7
 Summon Hydra             Summ           31%          16%         7


Dungeon Overview and Level Annotations

Branches:
Dungeon (15/15)            Temple (1/1) D:5            Lair (6/6) D:8
  Swamp (1/4) Lair:2       Spider (4/4) Lair:3        Slime (0/5) Lair:6
    Orc (2/2) D:10            Elf (0/3) Orc:2        Vaults (0/5) D:13
 Depths (0/5) D:15        Volcano (visited)

Altars:
Ashenzari
Cheibriados
Dithmenos
Elyvilon
Fedhas
Gozag
Hepliaklqana
Kikubaaqudgha
Makhleb
Nemelex Xobeh
Okawaru
Qazlal
Ru
Sif Muna
Trog
Uskayaw
Vehumet
Wu Jian
Xom
Yredelemnul
Zin
The Shining One
Beogh
Jiyva

Shops:
D:4 ?   D:6 =**[:   D:11 [   D:13 ((:   Orc:2 :[*(

Annotations:
Lair:5 1 runed translucent door, Kiguq's ghost, journeyman VSSu
Swamp:1 Aizul


Innate Abilities, Weirdness & Mutations

Your experience applies equally to all skills.
You have very sharp teeth.
Your uncanny sense of smell can sniff out nearby items.


Message History

The helpless Aizul fails to defend herself.
You carve Aizul like a ham!!!
Aizul says, "Feeling sleepy?"
Aizul misses you.
You hit Aizul. Aizul completely misses you.
You slash Aizul! You closely miss Aizul. You bite Aizul, but do no damage.
Aizul hits you but does no damage.
You barely miss Aizul. You bite Aizul, but do no damage.
Aizul says, "Everybody has to sleep sometimes."
Aizul coils herself and waves her upper body at you.
The bolt of poison hits you. You resist.
Your hands begin to glow red.
Aizul casts a spell at you. The poison arrow hits you!
You are poisoned.
You partially resist.
The will-o-the-wisp gives a chilling moan.
You hit Aizul but do no damage.
You feel sick.
You hear a roar!
Aizul casts a spell at you. The bolt of poison hits you. You resist.
You hit Aizul but do no damage.
The will-o-the-wisp blinks!
Aizul says, "Everybody has to sleep sometimes."
Aizul barely misses you.
You hit Aizul but do no damage.
You feel sick.
You closely miss Aizul. Aizul hits you!
The will-o-the-wisp gestures.
The will-o-the-wisp conjures some foxfire! 2 foxfires come into view.
You hit Aizul but do no damage. Your bite misses Aizul.
You feel sick. The foxfire hits you. You resist. Aizul completely misses you.
You hit Aizul but do no damage. Your bite misses Aizul. The foxfire hits you!
You resist. Aizul hits you but does no damage.
You are too injured to fight recklessly!
You are too injured to fight recklessly!
Unknown command.
You hit the will-o-the-wisp but do no damage.
You hit the will-o-the-wisp but do no damage.
You feel sick. Aizul completely misses you.
The will-o-the-wisp gestures.
The will-o-the-wisp conjures some foxfire! 2 foxfires come into view.
You hit Aizul but do no damage. Your bite misses Aizul. The foxfire hits you.
You resist. Aizul completely misses you. The foxfire hits you! You resist.
You hit Aizul but do no damage. The tyrant leech bites you!!
* * * LOW HITPOINT WARNING * * *
The tyrant leech draws strength from your injuries!
The will-o-the-wisp completely misses you.
The floor, spattered with blood.
As you read the scroll of teleportation {@r4}, it crumbles to dust.
You feel strangely unstable.
You feel sick. Aizul hits you but does no damage.
The will-o-the-wisp gestures.
The will-o-the-wisp conjures some foxfire!
Aizul winks several times.
Aizul hits you!
* * * LOW HITPOINT WARNING * * *
The tyrant leech bites you but does no damage. 2 foxfires come into view.
Okay, then.
You fade into invisibility!
You feel sick.
The foxfire hits you but does no damage.
The foxfire hits you. You resist.
* * * LOW HITPOINT WARNING * * *
Aizul completely misses you.
An eight-headed hydra comes into view.
The will-o-the-wisp gestures.
The will-o-the-wisp conjures some foxfire!
You are very lightly contaminated with residual magic. 2 foxfires come into view.
You hit the tyrant leech but do no damage.
The tyrant leech appears confused.
Your bite misses the tyrant leech. The foxfire hits you. You resist.
* * * LOW HITPOINT WARNING * * *
Aizul barely misses you. The tyrant leech completely misses you.
You slice the tyrant leech!! The foxfire hits you. You resist.
* * * LOW HITPOINT WARNING * * *
Aizul barely misses you.
The will-o-the-wisp gestures.
The will-o-the-wisp conjures some foxfire! 2 foxfires come into view.
You barely miss the tyrant leech.
You bite the tyrant leech, but do no damage.
The foxfire hits you! You resist.
* * * LOW HITPOINT WARNING * * *
The foxfire hits you. You resist.
* * * LOW HITPOINT WARNING * * *
A will-o-the-wisp comes into view.
You strike the helpless tyrant leech from behind!
You slice the tyrant leech!!
You bite the tyrant leech, but do no damage.
You feel sick. Aizul completely misses you.
The will-o-the-wisp engulfs you but does no damage.
You chop the will-o-the-wisp into pieces!!!
Your surroundings suddenly seem different.
Splash!
You fall into the shallow water.
Moving in this stuff is going to be slow. ...and don't expect to remain undetected.
A will-o-the-wisp comes into view.
The will-o-the-wisp gives a chilling moan.
A vampire mosquito comes into view.
The vampire mosquito buzzes angrily.
A vampire mosquito comes into view. x2; A goliath frog comes into view.
The tyrant leech bites you!
* * * LOW HITPOINT WARNING * * *
The tyrant leech draws strength from your injuries!
A five-headed hydra comes into view.
The five-headed hydra roars!
You hear a shout!
Found 20 gold pieces, a scroll of torment and a potion of resistance.
A tyrant leech, a swamp dragon, a vampire mosquito and a spriggan rider come into view.
Okay, then.
Blink to where?
As you read the scroll of blinking, it crumbles to dust.
A swamp dragon and a bog body come into view.
An alligator comes into view.
The five-headed hydra moves out of view.
The swamp dragon moves out of view.
The vampire mosquito moves out of view.
The swamp dragon moves out of view.
Found 24 gold pieces.
You feel sick.
The will-o-the-wisp gestures.
The will-o-the-wisp conjures some foxfire!
A foxfire comes into view.
Blink to where?
Okay, then.
Okay, then.
The spriggan rider hits you but does no damage.
Blink to where?
As you read the scroll of blinking, it crumbles to dust.
You feel sick.
Aizul shouts!
The eight-headed hydra roars!
A foxfire comes into view.
The foxfire hits you. You resist.
* * * LOW HITPOINT WARNING * * *
The will-o-the-wisp gestures.
The will-o-the-wisp conjures some foxfire!
The swamp dragon roars deafeningly!
You hear a shout! 2 foxfires come into view.
Okay, then.
Unknown command.
Blink to where?
As you read the scroll of blinking, it crumbles to dust. 2 wraiths and a will-o-the-wisp come into view.
The will-o-the-wisp gives a chilling moan.
You hear a shout!
The foxfire hits you! You resist.
You die...

.≈.≈.♣§§≈§..§t..♣ ≈ ≈*** ≈≈≈
≈≈ ♣≈.≈≈♣≈≈♣≈≈.≈.≈§♣.≈...♣*
≈, ≈
♣..≈≈≈≈≈♣≈≈≈≈§≈§..v≈≈.♣*,,≈≈≈
, ≈.§.≈.§.≈≈≈♣D§§♣≈≈≈.≈.♣*
*≈≈ ≈
§≈§§≈≈in§§§≈≈≈§♣§.≈≈≈.♣W *≈,
≈ .§§.§..§≈≈§§≈v♣≈≈§≈≈§..≈ ,
≈ ,
≈≈.§§§≈≈≈≈≈≈§≈♣≈S≈§§..≈≈≈≈ ≈
.≈..§§♣§♣≈≈.v§§.D..≈♣.W≈≈, ,
,, ≈
≈.≈.§§§§§§..§v.v@≈w≈≈.♣*,
,≈≈≈≈ *
≈....§§§♣≈[.§♣§≈.≈§..♣♣ *, ,,
≈, .≈F≈§w♣§§♣≈.≈.♣♣.≈≈.♣♣ ***
≈ , ...v...≈♣♣♣♣≈**♣♣.≈♣♣ * ,
§.≈..$....♣♣♣* .♣♣
...≈....≈≈≈, * *♣♣
.≈..≈....D., * ≈≈D^≈..≈≈♣♣,**
.?.≈≈≈..♣♣ *


You could see Aizul, an eight-headed hydra (wandering), a tyrant leech
(wandering, confused), 2 will-o-the-wisps and 2 wraiths.

Vanquished Creatures
  Gastronok (Lair:3)
  Kirke (Spider:3)
  3 orc warlords (Orc:2)
  5 ghost moths
  5 emperor scorpions
  A spark wasp (Spider:4)
  Azrael (D:12)
  4 entropy weavers
  Snorg (Lair:3)
  3 fire dragons
  A boulder beetle (Spider:2)
  2 hydras
  An ice dragon (D:15)
  A catoblepas (Lair:4)
  2 centaur warriors (D:14)
  A death knight (D:15)
  2 two-headed ogres (D:14)
  18 death yaks
  3 tengu warriors
  2 orc high priests (Orc:2)
  Urug (D:12)
  A glowing orange brain (shapeshifter) (D:13)
  An unseen horror (D:12)
  5 lindwurms
  A swamp dragon (Lair:6)
  A wizard (D:14)
  3 orc knights (Orc:2)
  3 orc sorcerers (Orc:2)
  An orb spider (shapeshifter) (D:13)
  A wolf spider zombie (D:15)
  7 orb spiders
  8 ugly things
  A cyclops (D:11)
  21 wolf spiders
  13 elephants
  A centaur zombie (D:15)
  4 molten gargoyles (Volcano)
  3 centaur skeletons
  11 cane toads
  A gargoyle (D:12)
  7 black mambas
  5 torpor snails
  Psyche (D:11)
  11 demonic crawlers
  6 rime drakes (Lair:6)
  3 efreet (Volcano)
  4 komodo dragons
  A tengu conjurer (D:14)
  7 trolls
  A queen bee (shapeshifter) (D:13)
  19 jumping spiders
  10 slime creatures
  4 hornets
  11 blink frogs
  4 dream sheep
  32 redbacks
  2 shadows
  16 tarantellas
  A vampire (D:10)
  57 yaks
  A spriggan (shapeshifter) (D:13)
  6 wyverns
  3 wraiths
  A human (D:12)
  5 basilisks
  6 fire elementals
  4 hogs
  A steam dragon (Lair:6)
  Menkaure (D:7)
  6 wargs
  4 acid dragons
  9 water moccasins
  Duvessa (D:7)
  3 hell hounds
  45 orc warriors
  3 swamp drakes (Lair:6)
  2 ice beasts
  4 sky beasts
  2 eyes of draining
  6 black bears
  4 necrophages
  4 wolves
  14 ogres
  4 centaurs
  3 phantoms
  18 bullfrogs
  2 earth elementals (Volcano)
  Dowan (D:7)
  4 scorpions
  3 killer bees (D:11)
  6 wights
  2 electric eels
  7 howler monkeys
  4 hounds
  19 orc priests
  7 jellies
  3 quasits
  A bullfrog zombie (D:13)
  A bullfrog skeleton (D:6)
  6 iguanas (Lair:6)
  26 orc wizards
  2 hell rats (Lair:1)
  7 worker ants
  A hound zombie (D:6)
  A hound skeleton (D:4)
  A mummy (D:11)
  Robin (D:2)
  11 gnolls
  9 adders
  10 river rats (Lair:1)
  A shadow imp (D:5)
  2 ufetubi
  2 adder skeletons
  4 worms
  4 dart slugs
  9 leopard geckos
  70 orcs
  4 giant cockroaches
  16 goblins
  6 hobgoblins
  2 jackals (D:6)
  9 kobolds
  5 quokkas
  A ball python (D:6)
  A ball python skeleton (D:4)
  6 bats
  5 frilled lizards
  A leopard gecko skeleton (D:7)
  A leopard gecko zombie (D:5)
  4 rats
796 creatures vanquished.

Vanquished Creatures (collateral kills)
  Arachne (Spider:4)
  The ghost of CryoSword the Party-goer, an adept VSWr of Uskayaw (Spider:3)
  An emperor scorpion (Spider:4)
  2 entropy weavers (Spider:2)
  A hydra (Lair:1)
  2 death yaks
  An orc sorcerer (Orc:2)
  8 orb spiders
  2 oklob plants (Spider:2)
  8 wolf spiders
  A slime creature (D:13)
  A black mamba (Lair:6)
  A torpor snail (Spider:4)
  A moth of wrath (Spider:4)
  A cane toad (Lair:6)
  3 demonic crawlers
  9 jumping spiders
  3 hornets (Spider:4)
  3 blink frogs
  15 redbacks
  3 yaks
  16 tarantellas
  A basilisk (Lair:6)
  A black bear (shapeshifter) (D:13)
  2 necrophages (Lair:4)
  A bullfrog (D:11)
  3 orc priests
  4 orc wizards
  A gnoll (Orc:1)
  19 orcs
116 creatures vanquished.

Vanquished Creatures (others)
  A redback (Spider:4)
  A basilisk (Lair:6)
  A yak (Lair:3)
  An orc wizard (D:4)
  12 foxfires (Swamp:1)
  20 fungi
  53 plants
  11 withered plants (D:11)
100 creatures vanquished.

Grand Total: 1012 creatures vanquished

Notes
Turn   | Place    | Note
-------+----------+-------------------------------------------
     0 | D:1      | CryoSword the Gnoll Wanderer began the quest for the Orb.
     0 | D:1      | CryoSword set off with the following items: a +2 dagger, a
                  | potion of heal wounds {@q2}, a +0 spear, a potion of
                  | lignification {!q}, a +0 robe
     0 | D:1      | Reached XP level 1. HP: 20/20 MP: 1/1
   173 | D:1      | Reached XP level 2. HP: 26/26 MP: 2/2
   517 | D:1      | You fall into a shaft and drop 1 floor!
   793 | D:2      | Reached XP level 3. HP: 31/31 MP: 3/3
   815 | D:2      | Noticed Robin
   935 | D:2      | Found a faded altar of an unknown god.
   956 | D:2      | Reached skill level 1 in Invocations
   982 | D:2      | Killed Robin
   983 | D:2      | Reached skill level 1 in Short Blades
   983 | D:2      | Reached skill level 1 in Long Blades
   983 | D:2      | Reached skill level 1 in Axes
   983 | D:2      | Reached skill level 1 in Maces & Flails
   983 | D:2      | Reached skill level 1 in Polearms
   983 | D:2      | Reached skill level 1 in Staves
   983 | D:2      | Reached skill level 1 in Slings
   983 | D:2      | Reached skill level 1 in Bows
   983 | D:2      | Reached skill level 1 in Crossbows
   983 | D:2      | Reached skill level 1 in Throwing
   983 | D:2      | Reached skill level 1 in Armour
   983 | D:2      | Reached skill level 1 in Unarmed Combat
   983 | D:2      | Reached skill level 1 in Spellcasting
   983 | D:2      | Reached skill level 1 in Evocations
  1229 | D:2      | Reached XP level 4. HP: 37/38 MP: 5/5
  1362 | D:2      | You fall into a shaft and drop 1 floor!
  2037 | D:3      | Reached skill level 1 in Conjurations
  2037 | D:3      | Reached skill level 1 in Hexes
  2037 | D:3      | Reached skill level 1 in Summonings
  2037 | D:3      | Reached skill level 1 in Necromancy
  2037 | D:3      | Reached skill level 1 in Translocations
  2037 | D:3      | Reached skill level 1 in Transmutations
  2037 | D:3      | Reached skill level 1 in Fire Magic
  2037 | D:3      | Reached skill level 1 in Ice Magic
  2037 | D:3      | Reached skill level 1 in Air Magic
  2037 | D:3      | Reached skill level 1 in Earth Magic
  2037 | D:3      | Reached skill level 1 in Poison Magic
  2065 | D:3      | HP: 1/38 [poisoned by an adder]
  3048 | D:3      | Reached XP level 5. HP: 43/43 MP: 6/6
  3194 | D:4      | Noticed a phantom
  3228 | D:3      | Killed a phantom
  3374 | D:4      | Reached XP level 6. HP: 50/50 MP: 8/8
  3780 | D:4      | Found Girah's Magic Scroll Boutique.
  3797 | D:4      | Bought a scroll of teleportation for 30 gold pieces
  3797 | D:4      | Bought a scroll of identify for 20 gold pieces
  3797 | D:4      | Bought a scroll of enchant weapon for 75 gold pieces
  3797 | D:4      | Bought a scroll of magic mapping for 35 gold pieces
  3797 | D:4      | Bought a scroll of identify for 20 gold pieces
  4124 | D:4      | Reached skill level 5 in Fighting
  4124 | D:4      | Reached skill level 5 in Shields
  4504 | D:5      | Entered Level 5 of the Dungeon
  4504 | D:5      | Found a staircase to the Ecumenical Temple.
  4508 | Temple   | Entered the Ecumenical Temple
  4553 | Temple   | Became a worshipper of Ashenzari the Shackled
  5324 | D:4      | Reached XP level 7. HP: 38/56 MP: 10/10
  5569 | D:5      | Reached skill level 7 in Dodging
  6828 | D:6      | Found Zamiamm's Armour Shop.
  6973 | D:6      | Found Uluiweel's General Store.
  6986 | D:6      | Found Jebuh's Assorted Antiques.
  6994 | D:6      | Bought a murky coppery potion for 19 gold pieces
  7317 | D:6      | Found Baaxebas's Book Boutique.
  7395 | D:6      | Found Unicer's Jewellery Emporium.
  7837 | D:7      | Identified a scroll of acquirement
  7873 | D:7      | Reached * piety under Ashenzari
  7887 | D:7      | Reached XP level 8. HP: 36/63 MP: 12/12
  8054 | D:7      | Noticed Duvessa
  8056 | D:7      | Noticed Dowan
  8069 | D:7      | Killed Duvessa
  8081 | D:7      | Killed Dowan
  8325 | D:7      | Noticed Menkaure
  8785 | D:7      | Killed Menkaure
  9353 | D:7      | Acquired a cursed +1 lajatang of speed
  9375 | D:7      | Learned a level 3 spell: Confusing Touch
  9831 | D:8      | Reached XP level 9. HP: 43/69 MP: 14/14
 10151 | D:8      | Identified the Grimoire of the Mackerel
 10746 | D:8      | Found a staircase to the Lair.
 11009 | D:8      | Noticed a +0 dagger
 11010 | D:8      | Noticed a +0 hand axe
 11011 | D:8      | Found a hide-covered altar of Uskayaw.
 11220 | D:8      | Reached skill level 8 in Dodging
 11383 | D:7      | Reached skill level 5 in Invocations
 11606 | D:9      | Identified the +6 scale mail of Death Resistance {rElec
                  | rPois MP-9 Str+3 Dex+7}
 11717 | D:9      | Reached ** piety under Ashenzari
 11884 | D:9      | Learned a level 1 spell: Animate Skeleton
 11887 | D:9      | Learned a level 2 spell: Call Imp
 11918 | D:10     | Entered Level 10 of the Dungeon
 11960 | D:9      | Reached XP level 10. HP: 71/77 MP: 13/17
 12065 | D:10     | Found a staircase to the Orcish Mines.
 12112 | D:10     | Found a roughly hewn altar of Beogh.
 12464 | D:10     | Reached skill level 5 in Short Blades
 12464 | D:10     | Reached skill level 5 in Long Blades
 12464 | D:10     | Reached skill level 5 in Axes
 12464 | D:10     | Reached skill level 5 in Maces & Flails
 12464 | D:10     | Reached skill level 5 in Polearms
 12464 | D:10     | Reached skill level 5 in Staves
 12464 | D:10     | Reached skill level 5 in Slings
 12464 | D:10     | Reached skill level 5 in Bows
 12464 | D:10     | Reached skill level 5 in Crossbows
 12464 | D:10     | Reached skill level 5 in Throwing
 12464 | D:10     | Reached skill level 5 in Armour
 12464 | D:10     | Reached skill level 5 in Unarmed Combat
 12464 | D:10     | Reached skill level 5 in Spellcasting
 12464 | D:10     | Reached skill level 5 in Evocations
 12992 | D:10     | Learned a level 1 spell: Apportation
 13352 | D:11     | Noticed a cyclops
 13457 | D:11     | Noticed a seven-headed hydra
 13522 | D:11     | Killed a cyclops
 13676 | D:11     | Noticed Psyche
 13721 | D:11     | Killed Psyche
 13872 | D:11     | Reached XP level 11. HP: 84/84 MP: 19/19
 13916 | D:11     | Found Qev Wonk's Antique Armour Shoppe.
 14079 | D:11     | Reached *** piety under Ashenzari
 14098 | D:11     | Reached skill level 9 in Dodging
 14196 | D:11     | Reached skill level 5 in Conjurations
 14196 | D:11     | Reached skill level 5 in Hexes
 14196 | D:11     | Reached skill level 5 in Summonings
 14196 | D:11     | Reached skill level 5 in Necromancy
 14196 | D:11     | Reached skill level 5 in Translocations
 14196 | D:11     | Reached skill level 5 in Transmutations
 14196 | D:11     | Reached skill level 5 in Fire Magic
 14196 | D:11     | Reached skill level 5 in Ice Magic
 14196 | D:11     | Reached skill level 5 in Air Magic
 14196 | D:11     | Reached skill level 5 in Earth Magic
 14196 | D:11     | Reached skill level 5 in Poison Magic
 14293 | D:11     | Killed a seven-headed hydra
 14427 | D:12     | Noticed Azrael
 14542 | D:12     | Killed Azrael
 14874 | D:12     | Noticed Urug
 14892 | D:12     | Killed Urug
 14950 | D:12     | Noticed an unseen horror
 14967 | D:12     | Killed an unseen horror
 15003 | D:12     | Learned a level 3 spell: Gell's Gravitas
 15351 | D:12     | Reached XP level 12. HP: 94/94 MP: 22/22
 15583 | D:13     | Found Ihoitic's Book Shop.
 16019 | D:13     | Found a gate to the Vaults.
 16022 | D:13     | Noticed a shock serpent
 16022 | D:13     | a cyclops changed into a shock serpent
 16074 | D:13     | Noticed a tengu warrior
 16456 | D:13     | Reached **** piety under Ashenzari
 16630 | D:13     | Found Ecadee Tume's Antique Weapon Boutique.
 16816 | D:6      | Bought a faintly glowing troll leather armour for 440 gold
                  | pieces
 16816 | D:6      | Identified the +0 troll leather armour of Vexation {rPois
                  | rF+ Regen+ Str+6 Int+4} (You bought it in a shop on level 6
                  | of the Dungeon)
 16816 | D:6      | Bought a pair of glowing gloves for 165 gold pieces
 17052 | D:13     | Found Zurohir's Antique Weapon Boutique.
 17298 | Lair:1   | Entered Level 1 of the Lair of Beasts
 17527 | Lair:1   | Reached skill level 10 in Dodging
 17610 | Lair:1   | Noticed a seven-headed hydra
 17624 | Lair:1   | Killed a seven-headed hydra
 18451 | Lair:2   | Found an opulent altar of Gozag.
 18463 | Lair:2   | Reached XP level 13. HP: 101/101 MP: 24/24
 18623 | Lair:2   | Found a staircase to the Swamp.
 18646 | Lair:2   | Reached skill level 10 in Stealth
 18921 | Lair:2   | Reached ***** piety under Ashenzari
 19138 | Lair:3   | Noticed Gastronok
 19169 | Lair:3   | Killed Gastronok
 19418 | Lair:3   | Identified the +3 scale mail of Feasting {rF- Dex+10 Slay-2
                  | SInv}
 19468 | Lair:3   | Noticed a fire dragon
 19551 | Lair:3   | Found a hole to the Spider Nest.
 19775 | Lair:3   | Noticed Snorg
 19804 | Lair:3   | Killed Snorg
 20146 | Lair:3   | Killed a fire dragon
 20363 | D:4      | Bought a scroll of identify for 20 gold pieces
 20363 | D:4      | Bought a scroll of teleportation for 30 gold pieces
 20363 | D:4      | Bought a scroll of enchant weapon for 75 gold pieces
 20363 | D:4      | Bought a scroll of amnesia for 35 gold pieces
 20703 | Lair:4   | Found a dark tunnel.
 20715 | Volcano  | Entered a volcano
 21550 | Lair:4   | Reached XP level 14. HP: 101/109 MP: 19/26
 21586 | Lair:4   | Learned a level 4 spell: Animate Dead
 22234 | Lair:5   | Reached skill level 10 in Fighting
 22234 | Lair:5   | Reached skill level 10 in Shields
 22413 | Lair:5   | Found a sparkling altar of Nemelex Xobeh.
 22499 | Lair:5   | Reached skill level 11 in Dodging
 22648 | Lair:5   | Reached ****** piety under Ashenzari
 22679 | Lair:5   | Found a runed translucent door.
 22682 | Lair:5   | Noticed Kiguq's ghost (journeyman VSSu)
 22687 | Lair:5   | Identified the +0 trident "Ufrid" {holy, rElec Int-3 Dex+9}
 22689 | Lair:5   | Identified the +6 hunting sling "Ytsifa" {flame, rC+ Dex+4}
 23340 | Lair:6   | Entered Level 6 of the Lair of Beasts
 23353 | Lair:6   | Identified the +1 leather armour of Fupniaf {rF+ MP+9
                  | Dex+3}
 23387 | Lair:6   | Found a viscous altar of Jiyva.
 23388 | Lair:6   | Found a staircase to the Slime Pits.
 23539 | Lair:6   | Reached skill level 10 in Invocations
 24904 | Lair:6   | Reached XP level 15. HP: 71/117 MP: 15/28
 25765 | Orc:1    | Entered Level 1 of the Orcish Mines
 25794 | D:10     | Learned a level 6 spell: Death Channel
 26040 | Orc:2    | Entered Level 2 of the Orcish Mines
 26462 | Orc:2    | Found a roughly hewn altar of Beogh.
 26462 | Orc:2    | Noticed an orc warlord
 26467 | Orc:2    | Reached skill level 10 in Short Blades
 26467 | Orc:2    | Reached skill level 10 in Long Blades
 26467 | Orc:2    | Reached skill level 10 in Axes
 26467 | Orc:2    | Reached skill level 10 in Maces & Flails
 26467 | Orc:2    | Reached skill level 10 in Polearms
 26467 | Orc:2    | Reached skill level 10 in Staves
 26467 | Orc:2    | Reached skill level 10 in Slings
 26467 | Orc:2    | Reached skill level 10 in Bows
 26467 | Orc:2    | Reached skill level 10 in Crossbows
 26467 | Orc:2    | Reached skill level 10 in Throwing
 26467 | Orc:2    | Reached skill level 10 in Armour
 26467 | Orc:2    | Reached skill level 10 in Unarmed Combat
 26467 | Orc:2    | Reached skill level 10 in Spellcasting
 26467 | Orc:2    | Reached skill level 10 in Evocations
 26582 | Orc:2    | Killed an orc warlord
 26623 | Orc:2    | Found Acudap's Book Boutique.
 26651 | Orc:2    | Paralysed by an orc sorcerer for 6 turns
 26664 | Orc:2    | Learned a level 5 spell: Metabolic Englaciation
 26668 | Orc:2    | Found Sajagh's General Store.
 26676 | Orc:2    | Noticed an orc warlord
 26698 | Orc:2    | Killed an orc warlord
 26717 | Orc:2    | Noticed an orc warlord
 26749 | Orc:2    | Killed an orc warlord
 26928 | Orc:2    | Found a staircase to the Elven Halls.
 27128 | Orc:2    | Bought a scroll of magic mapping for 49 gold pieces
 27128 | Orc:2    | Bought a scroll of enchant weapon for 105 gold pieces
 27128 | Orc:2    | Bought a scroll of blinking for 105 gold pieces
 27128 | Orc:2    | Bought a scroll of enchant armour for 105 gold pieces
 27142 | Orc:2    | Found Ogehuoth's Antique Weapon Boutique.
 27294 | Orc:2    | Found Jaonoq's Antique Armour Boutique.
 28238 | D:14     | Reached skill level 12 in Dodging
 28281 | D:14     | Found a broken altar of Ashenzari.
 28785 | D:15     | Entered Level 15 of the Dungeon
 29150 | D:15     | Reached XP level 16. HP: 52/125 MP: 19/30
 29223 | D:15     | Found a staircase to the Depths.
 29902 | Spider:1 | Entered Level 1 of the Spider Nest
 32287 | Spider:3 | Found a runed translucent door.
 32288 | Spider:3 | Noticed CryoSword's ghost (adept VSWr)
 32289 | Spider:3 | Identified the Papyrus of Supportive Moulding
 32390 | Spider:3 | Noticed Kirke
 32405 | Spider:3 | Killed Kirke
 32831 | Spider:3 | Learned a level 5 spell: Summon Mana Viper
 32841 | Spider:3 | Killed CryoSword's ghost
 33445 | Spider:4 | Entered Level 4 of the Spider Nest
 33787 | Spider:4 | Noticed Arachne
 33807 | Spider:4 | Killed Arachne
 33808 | Spider:4 | Reached XP level 17. HP: 127/133 MP: 5/32
 34626 | Spider:4 | Reached skill level 13 in Dodging
 34652 | Spider:4 | Got a gossamer rune of Zot
 35517 | Swamp:1  | Entered Level 1 of the Swamp
 35517 | Swamp:1  | Noticed Aizul
 35546 | Swamp:1  | Killed from afar by a will-o-the-wisp

Illustrated notes

Levels and vault maps discovered:
D:1:      minmay_arrival_five_plusses, layout_loops_ring
D:2:      layout_loops_ring, chequers_ecumenical_altar_simple, uniq_robin
D:3:      layout_loops_cross, minmay_crystal_room, minmay_misc_feat_five
D:4:      layout_basic, serial_shops, shop_statue
D:5:      layout_loops_ring, minmay_temple_entry_butterflies
D:6:      layout_basic, serial_shops, shop, shop, shop, shop, nicolae_shop_stone
D:7:      layout_rooms, uniq_menkaure, uniq_duvessa
D:8:      layout_basic, dancing_weapons_uskayaw, grunt_lair_entry_orc_guard_hut
D:9:      layout_cave_pools
D:10:     layout_gridville, minmay_orc_entry_temple_small, nicolae_wwwww
D:11:     layout_rooms, serial_shops, nicolae_shop_stone, serial_undead,
          serial_undead_e, serial_undead_a, serial_undead_b, serial_undead_e,
          uniq_psyche
D:12:     layout_loops_ring, grunt_livestock, uniq_azrael, uniq_urug
D:13:     layout_loops_corners, david_vaults_2, serial_shops,
          nicolae_shop_temple_entry_statues_fountains, kennysheep_mini,
          nicolae_shop_statue_plus
D:14:     layout_loops_ring, nicolae_ashenzari_panopticon
D:15:     grunt_enter_depths_hoard, layout_irregular_city, serial_park_tiny_1
Temple:   compressed_dpeg_circular_temple
Lair:1:   layout_chaotic_city, serial_rivers, chequers_serial_rivers_micro_b,
          chequers_serial_rivers_micro_c, chequers_serial_rivers_small_b,
          chequers_serial_rivers_room_b, chequers_serial_rivers_large_a,
          chequers_serial_rivers_micro_d, kennysheep_rathole
Lair:2:   layout_loops_ring, swamp_mist, basic_altar, grunt_megastairs_3,
          lemuel_fruit_fields, infiniplex_staircase_pool_2
Lair:3:   dragon1_lemuel, layout_regular_city,
          nicolae_spider_entry_orb_guardian, grunt_megastairs_5, uniq_snorg,
          uniq_gastronok
Lair:4:   layout_layer_cave, nicolae_volcano_entry_two_sided,
          roderic_carrion_pond
Lair:5:   layout_cave_shapes, basic_altar, ebering_ghost_funeral_grove,
          serial_bayou_ford_a, hangedman_lair_unloving_vines
Lair:6:   guppyfry_lair_end_dragon, layout_gridlike, hangedman_lair_in_review,
          dpeg_slime_entry_enclosed_altar, lemuel_fruit_tree
Swamp:1:  layout_falls_marsh, nicolae_swamp_treefoil, swamp_pool3,
          nzn_swamp_dancing_lights, uniq_josephine, uniq_donald, uniq_aizul
Spider:1: layout_spider_delve, drop_trap
Spider:2: spider_temple_joshua, hangedman_spider_tarantella_strand
Spider:3: layout_spider_delve, gammafunk_ghost_grave, uniq_kirke
Spider:4: johnstein_spider_rune_arachne_lair
Orc:1:    layout_caves
Orc:2:    grunt_orc_cross, layout_caves

Skill      XL: |  1  2  3  4  5  6  7  8  9 10 11 12 13 14 15 16 17 |
---------------+----------------------------------------------------+-----
Stealth        | 6 7 8 9 10 11 12 | 12.8
Invocations    | 1 2 3 4 5 6 7 8 9 10 11 12 | 12.5
Short Blades   | 1 2 3 4 5 6 7 8 9 10 11 | 11.5
Long Blades    | 1 2 3 4 5 6 7 8 9 10 11 | 11.5
Axes           | 1 2 3 4 5 6 7 8 9 10 11 | 11.5
Maces & Flails | 1 2 3 4 5 6 7 8 9 10 11 | 11.5
Polearms       | 1 2 3 4 5 6 7 8 9 10 11 | 11.5
Staves         | 1 2 3 4 5 6 7 8 9 10 11 | 11.5
Slings         | 1 2 3 4 5 6 7 8 9 10 11 | 11.5
Bows           | 1 2 3 4 5 6 7 8 9 10 11 | 11.5
Crossbows      | 1 2 3 4 5 6 7 8 9 10 11 | 11.5
Throwing       | 1 2 3 4 5 6 7 8 9 10 11 | 11.5
Armour         | 1 2 3 4 5 6 7 8 9 10 11 | 11.5
Unarmed Combat | 1 2 3 4 5 6 7 8 9 10 11 | 11.5
Spellcasting   | 1 2 3 4 5 6 7 8 9 10 11 | 11.5
Evocations     | 1 2 3 4 5 6 7 8 9 10 11 | 11.5
Conjurations   | 1 2 3 4 5 6 7 8 9 |  9.9
Hexes          | 1 2 3 4 5 6 7 8 9 |  9.9
Summonings     | 1 2 3 4 5 6 7 8 9 |  9.9
Necromancy     | 1 2 3 4 5 6 7 8 9 |  9.9
Translocations | 1 2 3 4 5 6 7 8 9 |  9.9
Transmutations | 1 2 3 4 5 6 7 8 9 |  9.9
Fire Magic     | 1 2 3 4 5 6 7 8 9 |  9.9
Ice Magic      | 1 2 3 4 5 6 7 8 9 |  9.9
Air Magic      | 1 2 3 4 5 6 7 8 9 |  9.9
Earth Magic    | 1 2 3 4 5 6 7 8 9 |  9.9
Poison Magic   | 1 2 3 4 5 6 7 8 9 |  9.9
Fighting       | 5 6 7 8 9 10 11 12 | 12.3
Shields        | 5 6 7 8 9 10 11 12 | 12.3
Dodging        | 7 8 9 10 11 12 13 | 13.0

Action                   |  1- 3 |  4- 6 |  7- 9 | 10-12 | 13-15 | 16-18 || total
-------------------------+-------+-------+-------+-------+-------+-------++-------
Melee: Dagger            |     7 |       |       |       |       |       ||     7
       Spear             |    31 |    83 |    63 |       |       |       ||   177
       Bite              |     3 |     6 |    29 |    81 |   213 |   104 ||   436
       Trident           |       |       |   103 |       |       |       ||   103
       Lajatang          |       |       |   266 |   670 |  1351 |   677 ||  2964
 Fire: Hunting sling     |    77 |   175 |    96 |       |       |       ||   348
Throw: Boomerang         |       |       |     4 |       |    26 |       ||    30
       Dart              |       |       |     6 |     6 |       |       ||    12
       Javelin           |       |       |       |       |     4 |       ||     4
 Cast: Call Imp          |       |       |     4 |    86 |    74 |       ||   164
       Animate Skeleton  |       |       |       |    23 |    21 |       ||    44
       Confusing Touch   |       |       |       |    11 |    21 |     4 ||    36
       Animate Dead      |       |       |       |       |    37 |    39 ||    76
       Gell's Gravitas   |       |       |       |       |     7 |       ||     7
       Death Channel     |       |       |       |       |    14 |    18 ||    32
       Metabolic Englaci |       |       |       |       |       |     9 ||     9
       Summon Mana Viper |       |       |       |       |       |     2 ||     2
Invok: Curse Item        |       |     3 |     3 |     3 |     3 |       ||    12
Evoke: Wand              |       |       |       |    13 |     9 |     2 ||    24
  Use: Potion            |       |     6 |     3 |     3 |     2 |     2 ||    16
       Scroll            |       |       |     6 |     4 |    11 |     6 ||    27
 Stab: Sleeping          |     6 |     1 |     6 |    14 |    31 |    26 ||    84
       Distracted        |       |       |     3 |     5 |    15 |     2 ||    25
       Invisible         |       |       |     2 |       |       |     1 ||     3
       Paralysed         |       |       |       |     3 |       |       ||     3
       Confused          |       |       |       |    14 |    29 |     6 ||    49
Armor: Robe              |     1 |       |       |       |       |       ||     1
       Leather armour    |     7 |    55 |   176 |   104 |       |       ||   342
       Troll leather arm |       |       |       |    17 |   267 |   232 ||   516
Dodge: Dodged            |    35 |   107 |   244 |   348 |   970 |   883 ||  2587
Block: Tower shield      |       |    47 |       |       |       |       ||    47
       Kite shield       |       |    68 |    95 |       |       |       ||   163

Table legend: (Time is in decaauts)
 A = Elapsed time spent in this place.
 B = Non-inter-level travel time spent in this place.
 C = Inter-level travel time spent in this place.
 D = Time resting spent in this place.
 E = Time spent auto-exploring this place.
 F = Levels seen in this place.
 G = Mean time per level.
                   A        B        C        D        E       F      G
               +--------+--------+--------+--------+--------+-----+--------+
         Total |  34786 |  30780 |   4006 |   4163 |  18080 |  30 | 1159.5 |
       Dungeon |  19626 |  17032 |   2594 |   3037 |   9728 |  15 | 1308.4 |
        Temple |     66 |     66 |      0 |      0 |      0 |   1 |   66.0 |
          Lair |   7860 |   6993 |    867 |    344 |   4740 |   6 | 1310.0 |
         Swamp |     18 |     18 |      0 |      0 |      0 |   1 |   18.0 |
   Spider Nest |   5053 |   4622 |    431 |    719 |   2565 |   4 | 1263.2 |
  Orcish Mines |   1858 |   1744 |    114 |     55 |   1045 |   2 |  929.0 |
       Volcano |    303 |    303 |      0 |      8 |      0 |   1 |  303.0 |
               +--------+--------+--------+--------+--------+-----+--------+

Top non-repeatable levels by time:
     D:4: 2433 daAuts
  Lair:6: 1825 daAuts
     D:6: 1675 daAuts
Spider:4: 1668 daAuts
    D:10: 1659 daAuts
     D:8: 1635 daAuts
     D:3: 1493 daAuts
    D:13: 1482 daAuts
     D:7: 1469 daAuts
     D:5: 1445 daAuts
  Lair:5: 1393 daAuts
  Lair:4: 1350 daAuts
  Lair:3: 1329 daAuts
   Orc:2: 1268 daAuts
Spider:3: 1208 daAuts
